[Event "95th Caplin Hastings Congress"]
[Site "Hastings"]
[Date "2019.12.30"]
[Round "3.55"]
[White "Zheng, Harry Z"]
[Black "Mineev, Sergey I."]
[Result "0-1"]
[ECO "B12"]
[WhiteElo "1705"]
[BlackElo "1588"]
[Annotator "NA"]
[PlyCount "88"]
[EventDate "2019.12.28"]
[EventType "swiss"]
[EventCountry "ENG"]
[SourceTitle "playchess.com"]
[Source "ChessBase"]
[SourceQuality "1"]
[TimeControl "40/6600+30:3000+30"]

1. e4 c6 2. d4 d5 3. e5 Bf5 4. h4 h5 5. Bd3 Bxd3 6. Qxd3 e6 7. Bg5 Qb6 8. Nd2 c5 9. c4 Qxb2 10. Rd1 Qxd4 11. Qg3 Nc6 12. Ne2 Qxe5 13. Bf4 Qf5 14. O-O Nf6 15. Nc3 Be7 16. Bd6 Qg4 17. Qh2 O-O 18. Rfe1 Rfd8 19. Bc7 Rd7 20. cxd5 Nxd5 21. Nxd5 Rxd5 22. Bf4 Qxh4 23. Qxh4 Bxh4 24. Nf3 Bf6 25. Bd6 Rxd1 26. Rxd1 Rd8 27. Rd2 Be7 28. Bxe7 Rxd2 29. Nxd2 Nxe7 30. Kf1 Kf8 31. Ke2 Ke8 32. Kd3 Kd7 33. Ne4 b6 34. Kc4 Nf5 35. Kb5 Nd6+ 36. Ka6 Nxe4 37. Kxa7 Kc7 38. Ka8 c4 39. a4 c3 40. a5 bxa5 41. f3 c2 42. fxe4 c1=Q 43. e5 Qc6+ 44. Ka7 Qb7# 0-1

[Event "95th Caplin Hastings Congress"]
[Site "Hastings"]
[Date "2019.12.30"]
[Round "3.56"]
[White "Byrn, Carsten"]
[Black "Damodaran, Patrick"]
[Result "1-0"]
[ECO "A71"]
[WhiteElo "1919"]
[BlackElo "1388"]
[Annotator "NA"]
[PlyCount "117"]
[EventDate "2019.12.28"]
[EventType "swiss"]
[EventCountry "ENG"]
[SourceTitle "playchess.com"]
[Source "ChessBase"]
[SourceQuality "1"]
[TimeControl "40/6600+30:3000+30"]

1. d4 Nf6 2. c4 c5 3. d5 e6 4. Nc3 exd5 5. cxd5 d6 6. e4 g6 7. Nf3 Bg7 8. Bg5 O-O 9. Nd2 Re8 10. Bb5 Bd7 11. Be2 h6 12. Bh4 Bc8 13. O-O Nbd7 14. Qc2 Nb6 15. f3 g5 16. Bg3 Nfxd5 17. Nxd5 Nxd5 18. Nc4 Bd4+ 19. Bf2 Bxf2+ 20. Rxf2 Nf4 21. Rd1 Re6 22. Bf1 b5 23. Ne3 Ba6 24. g3 Ng6 25. Nf5 Ne7 26. Bh3 Nxf5 27. Bxf5 Re8 28. Rfd2 Qa5 29. Rxd6 Rad8 30. Qxc5 Rxd6 31. Qxd6 Kg7 32. Qd4+ Kg8 33. Qf6 Qb6+ 34. Qxb6 axb6 35. Rd6 Bc8 36. Rxb6 Bxf5 37. exf5 Ra8 38. a3 Ra5 39. Rxh6 Kg7 40. Rb6 f6 41. g4 Kf7 42. Kg2 Ke7 43. Kg3 Kf7 44. h4 gxh4+ 45. Kxh4 Kg7 46. Kh5 Kf7 47. Rb7+ Kf8 48. Kg6 Ke8 49. Kxf6 Ra6+ 50. Kg7 b4 51. f6 Rxf6 52. Kxf6 bxa3 53. bxa3 Kd8 54. g5 Kc8 55. Rh7 Kd8 56. g6 Ke8 57. Ra7 Kd8 58. g7 Kc8 59. g8=R# 1-0

[Event "95th Caplin Hastings Congress"]
[Site "Hastings"]
[Date "2019.12.30"]
[Round "3.57"]
[White "Ratnesan, Radha"]
[Black "Varney, Zoe"]
[Result "1-0"]
[ECO "A06"]
[WhiteElo "1477"]
[BlackElo "2004"]
[Annotator "NA"]
[PlyCount "63"]
[EventDate "2019.12.28"]
[EventType "swiss"]
[EventCountry "ENG"]
[SourceTitle "playchess.com"]
[Source "ChessBase"]
[SourceQuality "1"]
[TimeControl "40/6600+30:3000+30"]

1. d4 d5 2. c4 e6 3. Nf3 Nf6 4. e3 c6 5. b3 Nbd7 6. Bb2 Bd6 7. Bd3 O-O 8. O-O Qe7 9. Ne5 c5 10. Nd2 b6 11. Qe2 Bb7 12. Ndf3 Ne4 13. Rac1 Nb8 14. Bb1 f5 15. Nd2 cxd4 16. exd4 Nxd2 17. Qxd2 Rf6 18. f4 Rh6 19. cxd5 Bxd5 20. Rc8+ Qf8 21. Rxf8+ Bxf8 22. h3 Nc6 23. Nxc6 Bxc6 24. Rf2 Be7 25. Qc3 Bd5 26. Bd3 Rf8 27. Bc4 Be4 28. Bd3 Bd5 29. Qc7 Bh4 30. Re2 Bg3 31. Bc4 Rf7 32. Qd6 1-0

[Event "95th Caplin Hastings Congress"]
[Site "Hastings"]
[Date "2019.12.30"]
[Round "3.58"]
[White "Liu, Tianyi"]
[Black "Wilson, Matthew R"]
[Result "0-1"]
[ECO "B82"]
[WhiteElo "1307"]
[BlackElo "1837"]
[Annotator "NA"]
[PlyCount "158"]
[EventDate "2019.12.28"]
[EventType "swiss"]
[EventCountry "ENG"]
[SourceTitle "playchess.com"]
[Source "ChessBase"]
[SourceQuality "1"]
[TimeControl "40/6600+30:3000+30"]

1. e4 c5 2. Nf3 e6 3. d4 cxd4 4. Nxd4 a6 5. Nc3 Qc7 6. Bd3 Nf6 7. O-O d6 8. Kh1 Nbd7 9. f4 Be7 10. Qe2 b5 11. a3 Bb7 12. Nb3 O-O 13. Bd2 Rac8 14. Rae1 Nb6 15. e5 Nfd7 16. exd6 Bxd6 17. Ne4 Bxe4 18. Qxe4 Nf6 19. Qf3 Nc4 20. Bc3 Be7 21. Bxc4 Qxc4 22. Nd2 Qd5 23. Bxf6 Qxf3 24. Nxf3 Bxf6 25. c3 Rfd8 26. Rd1 Kf8 27. Kg1 a5 28. Kf2 b4 29. axb4 axb4 30. Rxd8+ Bxd8 31. Rc1 Bf6 32. Ke2 bxc3 33. bxc3 Rxc3 34. Rxc3 Bxc3 35. Kd3 Bf6 36. Ke4 g6 37. g4 h6 38. h4 h5 39. g5 Bc3 40. Kd3 Ba5 41. Ke4 Bb4 42. Ne5 Ba5 43. Nf3 Bc7 44. Ne5 Ke7 45. Nc6+ Kd7 46. Nd4 Bb8 47. Nf3 Kc6 48. Nd4+ Kd6 49. Nf3 Ke7 50. Ne5 Bc7 51. Nc6+ Kd7 52. Nd4 Bd8 53. Ke5 Be7 54. Nf3 Ke8 55. Nd4 Bc5 56. Nf3 Bf2 57. Ke4 Ke7 58. Ke5 Bg3 59. Ke4 Ke8 60. Ke5 Kf8 61. Ke4 Ke7 62. Ke5 Bf2 63. Ke4 f6 64. Kd3 fxg5 65. fxg5 Kd6 66. Ke4 Bg3 67. Kd4 e5+ 68. Ke4 Ke6 69. Kd3 Kf5 70. Ke3 Bf4+ 71. Ke2 Kg4 72. Kf2 e4 73. Ne1 Bg3+ 74. Ke3 Bxe1 75. Kxe4 Bxh4 76. Ke3 Kg3 77. Ke2 Kg2 78. Ke3 Bxg5+ 79. Ke4 h4 0-1

[Event "95th Caplin Hastings Congress"]
[Site "Hastings"]
[Date "2019.12.30"]
[Round "3.59"]
[White "Cresswell, Mike J"]
[Black "Stoyanov, Boris"]
[Result "1/2-1/2"]
[ECO "B34"]
[WhiteElo "1662"]
[BlackElo "1504"]
[Annotator "NA"]
[PlyCount "39"]
[EventDate "2019.12.28"]
[EventType "swiss"]
[EventCountry "ENG"]
[SourceTitle "playchess.com"]
[Source "ChessBase"]
[SourceQuality "1"]
[TimeControl "40/6600+30:3000+30"]

1. e4 c5 2. Nf3 g6 3. c3 Bg7 4. d4 cxd4 5. Nxd4 Nc6 6. Be3 Nf6 7. Nd2 O-O 8. Be2 d5 9. Nxc6 bxc6 10. e5 Ne8 11. f4 f6 12. Nf3 Qc7 13. exf6 Nxf6 14. Nd4 Ne4 15. O-O Bd7 16. Bg4 Rab8 17. Bxd7 Qxd7 18. Rb1 Rb7 19. Qc2 e6 20. Nf3 1/2-1/2

[Event "95th Caplin Hastings Congress"]
[Site "Hastings"]
[Date "2019.12.30"]
[Round "3.60"]
[White "Dewangan, Aayush"]
[Black "Thatte, Nandinee"]
[Result "0-1"]
[ECO "B13"]
[WhiteElo "1548"]
[BlackElo "1270"]
[Annotator "NA"]
[PlyCount "152"]
[EventDate "2019.12.28"]
[EventType "swiss"]
[EventCountry "ENG"]
[SourceTitle "playchess.com"]
[Source "ChessBase"]
[SourceQuality "1"]
[TimeControl "40/6600+30:3000+30"]

1. e4 c6 2. d4 d5 3. exd5 cxd5 4. Bd3 Nc6 5. c3 Qc7 6. h3 Nf6 7. Nf3 g6 8. O-O Bf5 9. Na3 Bxd3 10. Qxd3 Bg7 11. Bg5 O-O 12. Rac1 Rad8 13. Rfe1 Ne4 14. Be3 a6 15. Nd2 f5 16. Nxe4 fxe4 17. Qd2 e6 18. Bg5 Rd7 19. Bh6 Rdf7 20. Rf1 Qb6 21. Bxg7 Kxg7 22. Rb1 Ne7 23. Nc2 Nf5 24. Ne3 h5 25. Nc2 Qd8 26. b3 Qf6 27. c4 Nh4 28. Qe3 Rc8 29. c5 Nf5 30. Qd2 g5 31. g3 Rh8 32. b4 Ra8 33. a4 Rc7 34. Ra1 Rf7 35. b5 Rc7 36. b6 Rcc8 37. Rab1 Kg6 38. Rb3 Ne7 39. f3 Rf8 40. Ne3 exf3 41. Nd1 g4 42. h4 Rac8 43. Nf2 Nf5 44. Qf4 Nxd4 45. Qxf6+ Kxf6 46. Rb4 Ne2+ 47. Kh2 Rxc5 48. Nd3 Rc4 49. Rxc4 dxc4 50. Nc5 Ke7 51. Nxb7 Rb8 52. Na5 Rxb6 53. Nxc4 Rb4 54. Ne5 Rxa4 55. Rb1 Ra2 56. Nd3 Nc3+ 57. Rb2 Rxb2+ 58. Nxb2 a5 59. Kg1 a4 60. Nc4 Kf6 61. Kf2 e5 62. Ke3 Nd5+ 63. Kf2 e4 64. Na3 e3+ 65. Kf1 Kf5 66. Nc2 Ke4 67. Ke1 f2+ 68. Kf1 Kf3 69. Nd4+ Kxg3 70. Nf5+ Kf4 71. Nd4 g3 72. Ne2+ Kg4 73. Kg2 a3 74. Nd4 a2 75. Nc2 e2 76. Ne1 f1=Q# 0-1

[Event "95th Caplin Hastings Congress"]
[Site "Hastings"]
[Date "2019.12.31"]
[Round "4.13"]
[White "Pavlov, Mikhail"]
[Black "Lalic, Bogdan"]
[Result "1/2-1/2"]
[ECO "B20"]
[WhiteElo "1955"]
[BlackElo "2414"]
[Annotator "ChessBase"]
[PlyCount "28"]
[EventDate "2019.12.28"]
[EventType "swiss"]
[EventCountry "ENG"]
[SourceTitle "playchess.com"]
[Source "ChessBase"]
[SourceQuality "1"]
[TimeControl "40/6600+30:3000+30"]

1. e4 c5 2. a3 g6 3. b4 Bg7 4. Nc3 d6 5. bxc5 dxc5 6. Bc4 Nc6 7. Nge2 Nf6 8. Rb1 O-O 9. O-O Na5 10. Ba2 c4 11. d3 cxd3 12. cxd3 b6 13. d4 Ba6 14. f3 Rc8 1/2-1/2

[Event "95th Caplin Hastings Congress"]
[Site "Hastings"]
[Date "2019.12.31"]
[Round "4.15"]
[White "Willow, Jonah B"]
[Black "Chapman, Matt"]
[Result "1-0"]
[ECO "C48"]
[WhiteElo "2355"]
[BlackElo "1937"]
[Annotator "RC"]
[PlyCount "71"]
[EventDate "2019.12.28"]
[EventType "swiss"]
[EventCountry "ENG"]
[SourceTitle "playchess.com"]
[Source "ChessBase"]
[SourceQuality "1"]
[TimeControl "40/6600+30:3000+30"]

1. e4 e5 2. Nf3 Nc6 3. Nc3 Nf6 4. Bb5 Bc5 5. Nxe5 Nxe5 6. d4 a6 7. dxe5 axb5 8. exf6 Qxf6 9. O-O c6 10. Be3 Be7 11. Bd4 Qg6 12. f4 d6 13. f5 Qh6 14. Rf3 b4 15. Ne2 c5 16. Rh3 Bh4 17. Be3 Qf6 18. Nf4 Bg5 19. Nd5 Bxe3+ 20. Rxe3 Qd4 21. Qxd4 cxd4 22. Rb3 Ra5 23. Rxb4 Rc5 24. Rc1 d3 25. c3 g6 26. fxg6 hxg6 27. Rd1 f5 28. Rxd3 b5 29. exf5 Bxf5 30. Re3+ Kd7 31. Rd4 Rf8 32. Re7+ Kd8 33. Ra7 Be6 34. Nb4 Bc4 35. Rxd6+ Ke8 36. h3 1-0

[Event "95th Caplin Hastings Congress"]
[Site "Hastings"]
[Date "2019.12.31"]
[Round "4.16"]
[White "Rudd, Jack"]
[Black "Shivika Rohilla"]
[Result "1/2-1/2"]
[ECO "D37"]
[WhiteElo "2331"]
[BlackElo "1744"]
[Annotator "ChessBase"]
[PlyCount "87"]
[EventDate "2019.12.28"]
[EventType "swiss"]
[EventCountry "ENG"]
[SourceTitle "playchess.com"]
[Source "ChessBase"]
[SourceQuality "1"]
[TimeControl "40/6600+30:3000+30"]

1. d4 d5 2. c4 e6 3. Nc3 a6 4. cxd5 exd5 5. Nf3 Nf6 6. Bg5 Be6 7. e3 Bd6 8. Bd3 Nbd7 9. Qc2 c6 10. O-O h6 11. Bh4 Qb8 12. Bg3 O-O 13. b4 Bxg3 14. hxg3 Qd6 15. Rab1 b5 16. a4 Nb6 17. a5 Nc4 18. Bxc4 dxc4 19. Ne5 Qc7 20. Rb2 Ng4 21. Nxg4 Bxg4 22. Ne4 Rad8 23. Nc5 Bc8 24. Qc3 f5 25. Re1 Rfe8 26. Ree2 Rd6 27. Rbd2 Red8 28. f4 Rg6 29. e4 fxe4 30. Rxe4 Rf6 31. Rde2 Rf7 32. Kf2 Rdf8 33. Ke1 Bg4 34. R2e3 Qc8 35. Kd2 g5 36. fxg5 Rf2+ 37. Kc1 Bf5 38. d5 Bxe4 39. Nxe4 Rf1+ 40. Kb2 hxg5 41. d6 Qg4 42. Qe5 Qd1 43. Qxg5+ Kh8 44. Qh6+ 1/2-1/2

[Event "95th Caplin Hastings Congress"]
[Site "Hastings"]
[Date "2019.12.31"]
[Round "4.17"]
[White "Hebden, Mark L"]
[Black "Ryzhkov, Vjacheslav"]
[Result "1-0"]
[ECO "D00"]
[WhiteElo "2433"]
[BlackElo "2134"]
[Annotator "ChessBase"]
[PlyCount "61"]
[EventDate "2019.12.28"]
[EventType "swiss"]
[EventCountry "ENG"]
[SourceTitle "playchess.com"]
[Source "ChessBase"]
[SourceQuality "1"]
[TimeControl "40/6600+30:3000+30"]

1. d4 e6 2. Nc3 d5 3. Bf4 Nf6 4. e3 Bd6 5. Nf3 Bxf4 6. exf4 O-O 7. Bd3 Nbd7 8. Ne2 c5 9. c3 cxd4 10. cxd4 Ne4 11. O-O Ndf6 12. Ne5 Nd7 13. Rc1 Qa5 14. a3 Nb6 15. Nc3 f6 16. Nf3 Nxc3 17. Rxc3 Na4 18. Rb3 Qc7 19. Qb1 Qxf4 20. Bxh7+ Kh8 21. Bg6 Kg8 22. Re1 Nb6 23. Bh7+ Kh8 24. Bc2 g5 25. Qd1 Rf7 26. Nxg5 fxg5 27. Qh5+ Kg8 28. Rf3 Qc7 29. Qg6+ Kf8 30. Qh6+ Kg8 31. Bh7+ 1-0

[Event "95th Caplin Hastings Congress"]
[Site "Hastings"]
[Date "2019.12.31"]
[Round "4.18"]
[White "Cherniaev, Alexander"]
[Black "Thompson, Ian D"]
[Result "1-0"]
[ECO "A01"]
[WhiteElo "2419"]
[BlackElo "2141"]
[Annotator "RC"]
[PlyCount "85"]
[EventDate "2019.12.28"]
[EventType "swiss"]
[EventCountry "ENG"]
[SourceTitle "playchess.com"]
[Source "ChessBase"]
[SourceQuality "1"]
[TimeControl "40/6600+30:3000+30"]

1. b3 e5 2. Bb2 Nc6 3. e3 Nf6 4. Bb5 Bd6 5. Na3 Na5 6. Be2 c6 7. Nf3 Qe7 8. Nb1 b6 9. d4 e4 10. Ne5 Bb8 11. a4 d6 12. Nc4 Nxc4 13. bxc4 d5 14. a5 bxa5 15. Ba3 Bd6 16. Bxd6 Qxd6 17. c5 Qc7 18. Nd2 O-O 19. Nb3 Ne8 20. Qd2 f5 21. Qxa5 Qf7 22. g3 g5 23. Kd2 f4 24. h4 f3 25. Ba6 gxh4 26. Rxh4 Nf6 27. Bxc8 Rfxc8 28. Qa6 Rc7 29. Qf1 Kh8 30. Qh3 Rg8 31. Ra6 Nd7 32. Rh5 Nf6 33. Rh4 Nd7 34. Ra1 Rg6 35. Na5 Rg8 36. Rb1 Nf6 37. Rf4 Qg7 38. Qe6 Ng4 39. Nxc6 Nxf2 40. Ne5 Rf8 41. Ng6+ hxg6 42. Rh4+ Qh7 43. Rf1 1-0

[Event "95th Caplin Hastings Congress"]
[Site "Hastings"]
[Date "2019.12.31"]
[Round "4.20"]
[White "Vaishali R"]
[Black "Price, Gwilym"]
[Result "1-0"]
[ECO "B40"]
[WhiteElo "2376"]
[BlackElo "2110"]
[Annotator "ChessBase"]
[PlyCount "79"]
[EventDate "2019.12.28"]
[EventType "swiss"]
[EventCountry "ENG"]
[SourceTitle "playchess.com"]
[Source "ChessBase"]
[SourceQuality "1"]
[TimeControl "40/6600+30:3000+30"]

1. e4 c5 2. Nf3 e6 3. d4 cxd4 4. Nxd4 Nf6 5. Nc3 Nc6 6. Nxc6 bxc6 7. Bd3 d5 8. O-O Be7 9. Qf3 O-O 10. Re1 a5 11. exd5 exd5 12. Bf4 Re8 13. h3 a4 14. Ne2 Qb6 15. Ng3 Ba6 16. Bxa6 Qxa6 17. Nf5 Bf8 18. Be5 c5 19. Nh6+ gxh6 20. Bxf6 Bg7 21. Bxg7 Kxg7 22. Qxd5 Qb6 23. b3 axb3 24. Qxb3 Qxb3 25. axb3 Ra2 26. Rxe8 Rxa1+ 27. Kh2 Rc1 28. Re2 f5 29. Kg3 Kf6 30. Kf4 Rd1 31. Ke3 Ke6 32. Rd2 Re1+ 33. Kd3 Kd6 34. Kc4+ Kc6 35. f3 Re5 36. c3 f4 37. Ra2 Kb6 38. Ra8 Rg5 39. Rf8 Rxg2 40. Rf6+ 1-0

[Event "95th Caplin Hastings Congress"]
[Site "Hastings"]
[Date "2019.12.31"]
[Round "4.21"]
[White "Comellas Blanchart, Jordi"]
[Black "Petrov, Vladimir Sergeev"]
[Result "1/2-1/2"]
[ECO "B52"]
[WhiteElo "2064"]
[BlackElo "2355"]
[Annotator "ChessBase"]
[PlyCount "58"]
[EventDate "2019.12.28"]
[EventType "swiss"]
[EventCountry "ENG"]
[SourceTitle "playchess.com"]
[Source "ChessBase"]
[SourceQuality "1"]
[TimeControl "40/6600+30:3000+30"]

1. e4 c5 2. Nf3 d6 3. Bb5+ Bd7 4. Bxd7+ Qxd7 5. c4 Nf6 6. Nc3 g6 7. d4 cxd4 8. Nxd4 Bg7 9. f3 O-O 10. Be3 Nc6 11. O-O e6 12. Qd2 Rac8 13. b3 Rfd8 14. Rad1 a6 15. Nde2 Qe7 16. Bg5 b5 17. cxb5 axb5 18. a4 bxa4 19. Nxa4 Qb7 20. Qe3 h6 21. Bxh6 Bxh6 22. Qxh6 Qxb3 23. Nac3 Ne5 24. f4 Neg4 25. Qh4 Rxc3 26. Nxc3 Qxc3 27. e5 Rb8 28. exf6 Nxf6 29. f5 Rb4 1/2-1/2

[Event "95th Caplin Hastings Congress"]
[Site "Hastings"]
[Date "2019.12.31"]
[Round "4.22"]
[White "Terentiev, Sergei"]
[Black "Balaji, Aaravamudhan"]
[Result "1/2-1/2"]
[ECO "A29"]
[WhiteElo "2292"]
[BlackElo "2050"]
[Annotator "ChessBase"]
[PlyCount "95"]
[EventDate "2019.12.28"]
[EventType "swiss"]
[EventCountry "ENG"]
[SourceTitle "playchess.com"]
[Source "ChessBase"]
[SourceQuality "1"]
[TimeControl "40/6600+30:3000+30"]

1. c4 e5 2. g3 Nf6 3. Bg2 d5 4. cxd5 Nxd5 5. Nf3 Nc6 6. O-O Nb6 7. Nc3 f6 8. d4 Bg4 9. dxe5 Qxd1 10. Rxd1 fxe5 11. b3 Bd6 12. Bb2 Ke7 13. Ne4 a5 14. h3 Bxf3 15. Bxf3 a4 16. Nxd6 cxd6 17. b4 Nc4 18. Bc3 Rab8 19. b5 Na7 20. Rab1 Na3 21. Rb4 N3xb5 22. Bd2 Nd4 23. Bg5+ Kf7 24. Rxa4 Nab5 25. Rb4 Nc3 26. Rd2 Nxf3+ 27. exf3 d5 28. Rdb2 b5 29. Bd2 d4 30. f4 e4 31. Bxc3 dxc3 32. Rc2 Rhc8 33. Rxe4 b4 34. Kf1 Rd8 35. Re1 Ra8 36. Re4 Ra4 37. Ree2 Rd3 38. Re3 Rd1+ 39. Re1 Rd2 40. Rxd2 cxd2 41. Rb1 Rxa2 42. Ke2 d1=Q+ 43. Kxd1 Rxf2 44. Rxb4 Rf3 45. g4 Rxh3 46. Rb7+ Kf6 47. Rb6+ Kf7 48. Rb7+ 1/2-1/2

[Event "95th Caplin Hastings Congress"]
[Site "Hastings"]
[Date "2019.12.31"]
[Round "4.24"]
[White "Merriman, John"]
[Black "Rice, Chris B"]
[Result "0-1"]
[ECO "E81"]
[WhiteElo "2219"]
[BlackElo "2027"]
[Annotator "ChessBase"]
[PlyCount "47"]
[EventDate "2019.12.28"]
[EventType "swiss"]
[EventCountry "ENG"]
[SourceTitle "playchess.com"]
[Source "ChessBase"]
[SourceQuality "1"]
[TimeControl "40/6600+30:3000+30"]

1. d4 Nf6 2. c4 g6 3. f3 Bg7 4. e4 d6 5. Nc3 O-O 6. Bg5 a6 7. Qd2 c6 8. h4 b5 9. O-O-O Qc7 10. Kb1 Nbd7 11. Rc1 Qb8 12. Bh6 e5 13. Bxg7 Kxg7 14. h5 exd4 15. Qxd4 Ne5 16. c5 dxc5 17. Qxc5 Nxh5 18. g4 Ng3 19. Rxh7+ Kxh7 20. Qxf8 Nxf1 21. Nh3 Nxf3 22. Qxf7+ Kh8 23. Rxf1 Bxg4 24. Nf4 0-1

[Event "95th Caplin Hastings Congress"]
[Site "Hastings"]
[Date "2019.12.31"]
[Round "4.25"]
[White "Lehaci, Miruna-Daria"]
[Black "Burrows, Nick"]
[Result "1-0"]
[ECO "C11"]
[WhiteElo "2214"]
[BlackElo "1952"]
[Annotator "ChessBase"]
[PlyCount "61"]
[EventDate "2019.12.28"]
[EventType "swiss"]
[EventCountry "ENG"]
[SourceTitle "playchess.com"]
[Source "ChessBase"]
[SourceQuality "1"]
[TimeControl "40/6600+30:3000+30"]

1. e4 e6 2. d4 d5 3. Nc3 Nf6 4. e5 Nfd7 5. f4 c5 6. Nf3 Nc6 7. Be3 Be7 8. Be2 O-O 9. O-O b6 10. Qd2 f5 11. exf6 Nxf6 12. Kh1 Bb7 13. Rad1 Ne4 14. Qe1 Nb4 15. Rc1 Rc8 16. a3 Nxc3 17. bxc3 Nc6 18. a4 Qe8 19. Rb1 Na5 20. Bb5 Bc6 21. Ne5 Bd6 22. Nxc6 Nxc6 23. Qd2 Qe7 24. Rbe1 Qf6 25. f5 cxd4 26. Bg5 dxc3 27. Qe3 Qd4 28. Qxe6+ Kh8 29. Qxd6 Nb4 30. Be3 Qe4 31. Bf2 1-0

[Event "95th Caplin Hastings Congress"]
[Site "Hastings"]
[Date "2019.12.31"]
[Round "4.27"]
[White "Anuprita, Patil"]
[Black "Gallagher, Daniel GH"]
[Result "1/2-1/2"]
[ECO "A49"]
[WhiteElo "2025"]
[BlackElo "2171"]
[Annotator "ChessBase"]
[PlyCount "70"]
[EventDate "2019.12.28"]
[EventType "swiss"]
[EventCountry "ENG"]
[SourceTitle "playchess.com"]
[Source "ChessBase"]
[SourceQuality "1"]
[TimeControl "40/6600+30:3000+30"]

1. Nf3 Nf6 2. g3 g6 3. Bg2 Bg7 4. O-O O-O 5. d4 d6 6. b3 e5 7. dxe5 dxe5 8. Ba3 Re8 9. Nc3 Nc6 10. Qxd8 Rxd8 11. Rad1 Bf5 12. Rxd8+ Rxd8 13. Rc1 Bh6 14. e3 Ng4 15. Rd1 Rxd1+ 16. Nxd1 Bxc2 17. Nc3 Nf6 18. Ne1 Bf5 19. Bxc6 bxc6 20. Nf3 Nd7 21. e4 Bh3 22. Be7 Bg4 23. Kg2 Bf8 24. Bxf8 Bxf3+ 25. Kxf3 Kxf8 26. Ke3 Ke7 27. Na4 Kd6 28. Nb2 Nb6 29. h3 h6 30. h4 h5 31. f3 f6 32. f4 exf4+ 33. gxf4 Nd7 34. Nc4+ Ke6 35. Na5 c5 1/2-1/2

[Event "95th Caplin Hastings Congress"]
[Site "Hastings"]
[Date "2019.12.31"]
[Round "4.29"]
[White "Salmons, Calum"]
[Black "Fishbein, Mitch"]
[Result "1/2-1/2"]
[ECO "C56"]
[WhiteElo "1796"]
[BlackElo "2151"]
[Annotator "ChessBase"]
[PlyCount "39"]
[EventDate "2019.12.28"]
[EventType "swiss"]
[EventCountry "ENG"]
[SourceTitle "playchess.com"]
[Source "ChessBase"]
[SourceQuality "1"]
[TimeControl "40/6600+30:3000+30"]

1. e4 e5 2. Nf3 Nc6 3. d4 exd4 4. Bc4 Nf6 5. O-O Nxe4 6. Re1 d5 7. Bxd5 Qxd5 8. Nc3 Qd7 9. Nxe4 Be7 10. Bg5 O-O 11. Bxe7 Qxe7 12. Nxd4 Bd7 13. Nb3 Be6 14. Nec5 Nd8 15. Qf3 c6 16. Nxe6 Nxe6 17. Nd4 Rad8 18. Nxe6 fxe6 19. Qe3 Qf6 20. c3 1/2-1/2

[Event "95th Caplin Hastings Congress"]
[Site "Hastings"]
[Date "2019.12.31"]
[Round "4.30"]
[White "Thatte, Nishchal"]
[Black "Brouwer, Dennis"]
[Result "0-1"]
[ECO "C45"]
[WhiteElo "1723"]
[BlackElo "2202"]
[Annotator "ChessBase"]
[PlyCount "56"]
[EventDate "2019.12.28"]
[EventType "swiss"]
[EventCountry "ENG"]
[SourceTitle "playchess.com"]
[Source "ChessBase"]
[SourceQuality "1"]
[TimeControl "40/6600+30:3000+30"]

1. e4 e5 2. Nf3 Nc6 3. d4 exd4 4. Nxd4 Nf6 5. Nxc6 bxc6 6. e5 Qe7 7. Qe2 Nd5 8. c4 Nb6 9. Nc3 Bb7 10. b3 g6 11. Ne4 O-O-O 12. Bg5 Qxe5 13. Bf6 Qa5+ 14. Kd1 Bh6 15. Bc3 Qa3 16. Bb2 Qf8 17. Bxh8 Qxh8 18. Rb1 d5 19. Ng5 Qd4+ 20. Kc2 Bxg5 21. h4 Bf6 22. Qd2 Qxd2+ 23. Kxd2 dxc4+ 24. Kc2 c5 25. f3 c3 26. Rd1 Nd5 27. Re1 Nb4+ 28. Kb1 Rd2 0-1

[Event "95th Caplin Hastings Congress"]
[Site "Hastings"]
[Date "2019.12.31"]
[Round "4.32"]
[White "Snape, Ian L"]
[Black "Persson, Andreas"]
[Result "0-1"]
[ECO "A18"]
[WhiteElo "2196"]
[BlackElo "2112"]
[Annotator "ChessBase"]
[PlyCount "76"]
[EventDate "2019.12.28"]
[EventType "swiss"]
[EventCountry "ENG"]
[SourceTitle "playchess.com"]
[Source "ChessBase"]
[SourceQuality "1"]
[TimeControl "40/6600+30:3000+30"]

1. c4 Nf6 2. Nc3 e6 3. e4 d5 4. e5 d4 5. exf6 dxc3 6. bxc3 Qxf6 7. d4 b6 8. Nf3 Bb7 9. Bg5 Qf5 10. Bd3 Qa5 11. O-O h6 12. Bh4 Bd6 13. d5 O-O 14. Nd4 Nd7 15. Rb1 Ne5 16. Rb5 Qxa2 17. Bb1 Qxc4 18. Qc2 f5 19. Rd1 Bxd5 20. Rxd5 Qxd5 21. Bg3 Rae8 22. f4 Nc4 23. Ba2 b5 24. Qe2 Qe4 25. Qxe4 fxe4 26. Nxb5 Bc5+ 27. Nd4 Nd6 28. Kh1 Bxd4 29. Rxd4 Rf5 30. Ra4 Rc5 31. Rxa7 Rxc3 32. Kg1 e3 33. Kf1 Nf5 34. Ra4 c5 35. Be1 Rc2 36. g4 Nd4 37. f5 Rxh2 38. Bc3 e2+ 0-1

[Event "95th Caplin Hastings Congress"]
[Site "Hastings"]
[Date "2019.12.31"]
[Round "4.33"]
[White "Bin-Suhayl, Ieysaa"]
[Black "Norinkeviciute, Rasa"]
[Result "1-0"]
[ECO "E68"]
[WhiteElo "2187"]
[BlackElo "2018"]
[Annotator "ChessBase"]
[PlyCount "57"]
[EventDate "2019.12.28"]
[EventType "swiss"]
[EventCountry "ENG"]
[SourceTitle "playchess.com"]
[Source "ChessBase"]
[SourceQuality "1"]
[TimeControl "40/6600+30:3000+30"]

1. Nf3 g6 2. c4 Bg7 3. d4 Nf6 4. g3 O-O 5. Bg2 d6 6. O-O Nbd7 7. Nc3 Re8 8. e4 e5 9. d5 Nc5 10. Ne1 a5 11. b3 c6 12. Ba3 Qb6 13. dxc6 Qxc6 14. Nc2 Bf8 15. Ne3 Be6 16. Qc2 Red8 17. f4 Ne8 18. f5 Bc8 19. Ncd5 b5 20. fxg6 hxg6 21. Rxf7 Be6 22. Rf2 Ra7 23. Raf1 Bg7 24. cxb5 Qxb5 25. Nc4 Na6 26. Qd2 Qd7 27. Qg5 Rb8 28. Qxg6 Nb4 29. Rf8# 1-0

[Event "95th Caplin Hastings Congress"]
[Site "Hastings"]
[Date "2019.12.31"]
[Round "4.34"]
[White "Anderson, John"]
[Black "McNally, Richard J E"]
[Result "1-0"]
[ECO "C68"]
[WhiteElo "2163"]
[BlackElo "1967"]
[Annotator "ChessBase"]
[PlyCount "101"]
[EventDate "2019.12.28"]
[EventType "swiss"]
[EventCountry "ENG"]
[SourceTitle "playchess.com"]
[Source "ChessBase"]
[SourceQuality "1"]
[TimeControl "40/6600+30:3000+30"]

1. e4 e5 2. Nf3 Nc6 3. Bb5 a6 4. Ba4 Nf6 5. O-O Be7 6. Bxc6 dxc6 7. Nc3 Bg4 8. h3 Bxf3 9. Qxf3 Bc5 10. d3 Qe7 11. Bg5 O-O-O 12. Ne2 h6 13. Bxf6 gxf6 14. Ng3 Rdg8 15. Nf5 Qf8 16. Kh2 Rg6 17. a3 Kb8 18. b4 Ba7 19. Rab1 Rhg8 20. g3 Rg5 21. a4 R8g6 22. b5 cxb5 23. axb5 a5 24. Nh4 Rg8 25. Qxf6 Qc5 26. Nf3 Qxc2 27. Nxg5 hxg5 28. Qxf7 Rc8 29. Qb3 Qe2 30. Qd1 Qa2 31. Ra1 Qb2 32. Qb1 Qe2 33. Qa2 Qxa2 34. Rxa2 Bb6 35. Kg2 Rd8 36. Rd1 Rf8 37. Rh1 Kc8 38. h4 gxh4 39. Rxh4 Bd4 40. f4 b6 41. f5 Kd7 42. Kf3 Kd6 43. Rc2 Bc5 44. g4 a4 45. g5 Rg8 46. Kg4 a3 47. Rh6+ Kd7 48. Rxc5 bxc5 49. Ra6 Rh8 50. Rxa3 Rh1 51. f6 1-0